 Dungeon Crawl Stone Soup version 0.24.0-13-gcf9b3192b9 (webtiles) character file.

Game seed: 16179555088689264865, levelgen mode: deterministic

167 ANON1729 the Chiller (level 5, -3/35 HPs)
             Began as a Barachi Ice Elementalist on Nov 9, 2019.
             Slain by a small abomination (17 damage)
             ... summoned by miscasting Summon Ice Beast
             ... on level 4 of the Dungeon.
             The game lasted 00:06:57 (4083 turns).

ANON1729 the Chiller (Barachi Ice Elementalist)     Turns: 4083, Time: 00:06:57

Health: -3/35      AC:  5    Str:  9    XL:     5   Next: 48%
Magic:  4/10       EV: 13    Int: 17    God:
Gold:   180        SH:  0    Dex: 12    Spells: 2/10 levels left

rFire    . . .     SeeInvis .   j - +0 spear
rCold    . . .     Gourm    .   (no shield)
rNeg     . . .     Faith    .   a - +0 robe
rPois    .         Spirit   .   (no helmet)
rElec    .         Reflect  .   q - +2 cloak
rCorr    .         Harm     .   (no gloves)
MR       .....                  (no boots)
Stlth    ++........             (no amulet)
HPRegen  0.11/turn              (no ring)
MPRegen  0.12/turn              (no ring)

@: slow
A: +LOS, swims, slowness 1, strong legs 1
a: Hop


You were on level 4 of the Dungeon.
You were not hungry.

You visited 1 branch of the dungeon, and saw 4 of its levels.

You collected 180 gold pieces.

Inventory:

Hand Weapons
 f - a +0 dagger
 j - a +0 spear (weapon)
 t - a cursed +0 long sword
Armour
 a - a +0 robe (worn)
 q - a +2 cloak (worn)
 v - a cursed -2 leather armour
Jewellery
 s - a cursed ring of teleportation {unknown}
Scrolls
 b - a scroll of enchant weapon {unknown}
 e - 8 scrolls of identify
 g - 2 scrolls of fog {unknown}
 h - a scroll of immolation {unknown}
 m - a scroll of noise {unknown}
 o - a scroll of remove curse {unknown}
 r - a scroll of amnesia {unknown}
Potions
 d - a potion of degeneration
 i - a potion of lignification
 l - 4 potions of heal wounds
 n - a potion of agility
Comestibles
 c - 6 rations
 u - a chunk of flesh


   Skills:
 + Level 3.0 Dodging
 + Level 2.8 Stealth
 * Level 3.4 Spellcasting
   Level 1.1 Conjurations
 + Level 0.4 Charms
 + Level 0.6 Summonings
 * Level 5.0 Ice Magic


You had 2 spell levels left.
You knew the following spells:

 Your Spells              Type           Power        Failure   Level  Hunger
a - Freeze                Ice            ###.         1%          1    None
b - Summon Ice Beast      Ice/Summ       ##......     45%         4    ####...
c - Ozocubu's Armour      Chrm/Ice       ##......     16%         3    ###....

Your spell library contained the following spells:

 Spells                   Type           Power        Failure   Level  Hunger
 Throw Frost              Conj/Ice       ##....       7%          2    ##.....
 Throw Icicle             Conj/Ice       ##......     43%         4    ####...


Dungeon Overview and Level Annotations

Branches:
Dungeon (4/15)
 Temple: D:4-7

Altars:

Shops:
D:4 *

Annotations:
D:2 Natasha


Innate Abilities, Weirdness & Mutations

Shadows flee at your approach. (+LOS)
You can swim through water.
You cover ground slowly.
You can hop short distances.


Message History

The small abomination is lightly damaged.
The small abomination hits you but does no damage.
The small abomination hits you.
The small abomination hits you but does no damage.
You barely miss the small abomination.
The small abomination is lightly damaged.
The small abomination barely misses you.
The small abomination hits you.
It was a potion of curing.
You feel better. The small abomination hits you!
The small abomination hits you but does no damage.
Unknown command.
It was a potion of cancellation.
Your magical effects are unravelling.
You feel magically purged.
Your magical contamination has completely faded away.
Your icy armour evaporates.
You feel less wooden.
Your +2 cloak unmelds from your body.
Your +0 robe unmelds from your body.
You feel a little less agile now. The small abomination hits you!
You die...

.##
#.######..###.#.#
#.............#.#
##.###8##.##.##.#
#..##.##..#.#.##
##.8.∩.8.#...##
####.##.##.##
#8##x##.#
#.##x##.#
..##@##.#
#.....ax.##.#
###########.# #.#
..# ###


You could see 3 small abominations and a worker ant.

Vanquished Creatures
  A crimson imp (D:3)
  A bullfrog skeleton (D:3)
  4 adders
  4 dart slugs
  2 leopard geckos (D:1)
  4 orcs (D:3)
  3 ball pythons
  5 bats
  3 giant cockroaches
  7 goblins
  3 hobgoblins
  3 jackals (D:2)
  A quokka (D:3)
  3 frilled lizards
  5 kobolds
  9 rats
58 creatures vanquished.

Notes
Turn   | Place    | Note
-------+----------+-------------------------------------------
     0 | D:1      | ANON1729 the Barachi Ice Elementalist began the quest for
                  | the Orb.
     0 | D:1      | Reached XP level 1. HP: 13/13 MP: 3/3
   237 | D:1      | Reached XP level 2. HP: 8/19 MP: 0/5
   572 | D:1      | Reached skill level 4 in Ice Magic
  1504 | D:2      | Reached XP level 3. HP: 24/24 MP: 6/6
  1592 | D:2      | Noticed Natasha
  2490 | D:3      | Reached XP level 4. HP: 16/30 MP: 1/8
  2505 | D:3      | Learned a level 4 spell: Summon Ice Beast
  2509 | D:3      | Learned a level 3 spell: Ozocubu's Armour
  3054 | D:3      | Reached XP level 5. HP: 35/35 MP: 5/10
  3309 | D:3      | Reached skill level 5 in Ice Magic
  3808 | D:4      | Noticed a phantom
  3931 | D:4      | Found Zyusainkea's General Store.
  4071 | D:4      | Noticed a small abomination
  4071 | D:4      | Noticed a small abomination
  4071 | D:4      | Noticed a small abomination
  4083 | D:4      | Slain by a small abomination

Levels and vault maps discovered:
D:1:      dpeg_arrival_chambers_temple_mockup, layout_loops_ring
D:2:      layout_basic, minmay_ruptured, uniq_natasha
D:3:      layout_basic, minmay_cut_off
D:4:      layout_loops_ring, first_ration, serial_shops,
          nicolae_shop_statue_plus, uniq_eustachio, uniq_edmund, uniq_ijyb

Skill      XL: |  1  2  3  4  5 |
---------------+----------------+-----
Stealth        | 2 |  2.8
Ice Magic      | 4 5 |  5.0
Spellcasting   | 3 |  3.4
Dodging        | 3 |  3.0
Conjurations   | |  1.1
Charms         | |  0.4
Summonings     | |  0.6

Action                   |  1- 3 |  4- 6 || total
-------------------------+-------+-------++-------
Melee: Dagger            |    28 |       ||    28
       Spear             |    48 |    78 ||   126
 Cast: Freeze            |    37 |    11 ||    48
       Ozocubu's Armour  |       |     2 ||     2
  Use: Potion            |       |     7 ||     7
       Scroll            |       |     2 ||     2
 Stab: Sleeping          |     3 |     6 ||     9
  Eat: Chunk             |     6 |     6 ||    12
Armor: Robe              |    10 |     4 ||    14
       Skin              |       |    32 ||    32
Dodge: Dodged            |    76 |    38 ||   114
